 Dungeon Crawl Stone Soup version 0.16.1-18-g436b03c (webtiles) character file.

88 masdan the Caller (level 4, 0/24 HPs)
             Began as a Deep Elf Summoner on Apr 30, 2015.
             Slain by a wight
             ... wielding a +3 hand axe
              (1 damage)
             ... on level 3 of the Dungeon.
             The game lasted 00:15:38 (2644 turns).

masdan the Caller (Deep Elf Summoner)               Turns: 2644, Time: 00:15:39

Health: 0/24       AC:  3    Str:  5    XL:     4   Next: 30%
Magic:  9/14       EV: 12    Int: 21    God:
Gold:   70         SH:  0    Dex: 15    Spells: 4 memorised, 0 levels left

rFire  . . .     SeeInvis .     (no weapon)
rCold  . . .     Clarity  .     a - +1 robe
rNeg   . . .     SustAb   .     (no shield)
rPois  .         Gourm    .     (no helmet)
rElec  .         Spirit   .     (no cloak)
rCorr  .         Warding  .     (no gloves)
rMut   .         Stasis   .     (no boots)
MR     .....                    (no amulet)
Stlth  ++........               (no ring)
                                (no ring)

@: drained, not resistant to hostile enchantments, unstealthy
A: no striking features
a: no special abilities


You were on level 3 of the Dungeon.
You were not hungry.

You visited 1 branch of the dungeon, and saw 3 of its levels.

You collected 70 gold pieces.

Inventory:

Hand weapons
 i - a -1 club
Armour
 a - a +1 robe (worn)
Scrolls
 j - a scroll of amnesia (quivered)
Potions
 c - a potion of heal wounds {unknown}
 e - a potion of might {unknown}
 f - a potion of haste {unknown}
 h - a potion of ambrosia {unknown}
Books
 b - a book of Callings

   Spells                             Type                      Level
   a - Summon Small Mammal            Summoning                    1
   b - Call Imp                       Summoning                    2
   c - Call Canine Familiar           Summoning                    3
   d - Summon Guardian Golem          Hexes/Summoning              4
   e - Summon Lightning Spire         Summoning/Air                4
   f - Summon Ice Beast               Ice/Summoning                4
Comestibles
 d - a chunk of flesh
 g - 3 fruits


   Skills:
 - Level 2.4(2.1) Dodging
 - Level 2.4(2.1) Stealth
 - Level 3.8(3.5) Spellcasting
 - Level 5.7(5.4) Summonings
 * Level 1.3(1.0) Air Magic


You couldn't memorise any spells.
You knew the following spells:

 Your Spells              Type           Power        Failure   Level  Hunger
a - Summon Small Mammal   Summ           ####         1%          1    None
b - Call Imp              Summ           ####....     1%          2    ##.....
c - Call Canine Familiar  Summ           ####....     4%          3    ###....
d - Summon Lightning Spi  Summ/Air       ###.....     34%         4    ####...


Dungeon Overview and Level Annotations

Branches:
Dungeon (3/15)

Altars:
Elyvilon


Message History

The bat misses your white imp.
Your quokka bites the wight.
The bat misses your white imp. The wight misses your quokka.
Your crimson imp misses the wight.
Your quokka barely misses the wight.
Your white imp gestures at the bat.
The puff of frost hits the bat.
The bat dies!
Your quokka barely misses the wight.
Something misses your hound.
Your crimson imp blinks!
The wight hits your quokka but does no damage.
Your hound barely misses the wight.
Your quokka bites the wight.
The wight is destroyed!
Your Air Magic skill increases to level 1!
Something hits your hound. Something closely misses your hound.
You swap places.
Something hits your hound!
You swap places.
The wight hits you with an enchanted hand axe!
* * * LOW HITPOINT WARNING * * *
You feel drained.
You die...

##. ... #.. #.. ##
#####.#####.###.##
#....#.....r#h55.#
.....# #.@###..#
#".#####).z.#.#.#
.##.##............>#
#
..............<#...##
.##.###.......##..# #
#..####.# ..# #..#
#.# ..# #..# #.# ..#
#..# #.# .#


You could see a wight, a friendly hound, a friendly crimson imp, a friendly
white imp and a friendly quokka.

Vanquished Creatures
  A bat (D:2)
  A giant newt (D:2)
  A rat (D:1)
3 creatures vanquished.

Vanquished Creatures (collateral kills)
  A wight (D:3)
  Robin (D:2)
  2 adders (D:2)
  2 worms (D:2)
  3 giant geckos
  A ball python (D:1)
  A giant cockroach (D:1)
  5 hobgoblins
  5 jackals
  6 bats
  10 giant newts
  16 goblins
  11 kobolds
  5 rats
69 creatures vanquished.

Vanquished Creatures (others)
  A hound (D:2)
  A crimson imp (D:2)
  4 quokkas
  5 bats
  3 rats (D:1)
14 creatures vanquished.

Grand Total: 86 creatures vanquished

Notes
Turn   | Place    | Note
--------------------------------------------------------------
     0 | D:1      | masdan, the Deep Elf Summoner, began the quest for the Orb.
     0 | D:1      | Reached XP level 1. HP: 10/10 MP: 5/5
   103 | D:1      | Reached XP level 2. HP: 15/15 MP: 4/8
   107 | D:1      | Learned a level 2 spell: Call Imp
   435 | D:1      | Reached skill level 5 in Summonings
  1211 | D:2      | Found a white marble altar of Elyvilon.
  1335 | D:2      | Reached XP level 3. HP: 19/19 MP: 11/11
  1341 | D:2      | Learned a level 3 spell: Call Canine Familiar
  2322 | D:2      | Noticed Robin
  2361 | D:2      | Killed Robin
  2387 | D:2      | Reached XP level 4. HP: 17/24 MP: 3/14
  2470 | D:2      | Learned a level 4 spell: Summon Lightning Spire
  2640 | D:3      | Reached skill level 1 in Air Magic
  2644 | D:3      | HP: 1/24 [wight/enchanted hand axe (8)]
  2644 | D:3      | Slain by a wight

Action                   |  1- 3 |  4- 6 || total
-------------------------+-------+-------++-------
Melee: Unarmed           |    38 |    12 ||    50
 Cast: Summon Small Mamm |    36 |     2 ||    38
       Call Imp          |    19 |     2 ||    21
       Call Canine Famil |     8 |     2 ||    10
  Use: Scroll            |     7 |     1 ||     8
       Potion            |     1 |       ||     1
  Eat: Chunk             |     2 |       ||     2
       Bread ration      |     1 |       ||     1
